 Dungeon Crawl Stone Soup version 0.24-a0-307-gf989941d98 (webtiles) character file.

Game seed: 5252834182978592896

31 Esekla the Magician (level 3, -3/31 HPs)
             Began as an Octopode Wizard on May 12, 2019.
             Slain by Sigmund
             ... wielding a +6 scythe of venom
              (4 damage)
             ... on level 2 of the Dungeon.
             The game lasted 00:10:38 (984 turns).

Esekla the Magician (Octopode Wizard)                Turns: 984, Time: 00:10:38

Health: -3/31      AC: 21    Str:  7    XL:     3   Next: 22%
Magic:  7/7        EV:  2    Int: 20    God:
Gold:   56         SH:  0    Dex: 10    Spells: 2/8 levels left

rFire    + . .     SeeInvis .   g - +0 short sword
rCold    . . .     Gourm    .   (no shield)
rNeg     + + +     Faith    .   (helmet currently unavailable)
rPois    +         Spirit   .   (no amulet)
rElec    .         Reflect  .   f - ring of attention (curse)
rCorr    .         Harm     .   j - ring of protection from fire
MR       .....     NoTele   +   (no ring)
Stlth    +.........             (no ring)
HPRegen  0.10/turn              (no ring)
MPRegen  0.10/turn              (no ring)
                                (no ring)
                                (no ring)

@: lethally poisoned (-3 -> -12), tree-form
A: almost no armour, stealthy swim, (amphibious), 8 rings, (constrict 8)
a: no special abilities


You were on level 2 of the Dungeon.
You were not hungry.
You were a tree.
You visited 1 branch of the dungeon, and saw 2 of its levels.

You collected 56 gold pieces.

Inventory:

Hand Weapons
 g - a +0 short sword (weapon)
Armour
 a - a +0 hat (melded)
Jewellery
 f - a cursed ring of attention (left branch)
 j - a ring of protection from fire (right branch)
Scrolls
 h - a scroll of teleportation
Potions
 e - 2 potions of flight
Comestibles
 c - 4 rations


   Skills:
 + Level 0.3 Fighting
 + Level 0.2 Short Blades
 + Level 2.7 Dodging
 - Level 2.6 Stealth
 - Level 3.0 Spellcasting
 * Level 2.1 Conjurations
   Level 1.0 Summonings
 + Level 1.0 Translocations
 * Level 0.2 Air Magic


You had 2 spell levels left.
You knew the following spells:

 Your Spells              Type           Power        Failure   Level  Hunger
a - Magic Dart            Conj           ##..         6%          1    None
b - Blink                 Tloc           N/A          14%         2    ##.....
c - Mephitic Cloud        Conj/Pois/Air  #.......     30%         3    ###....

Your spell library contained the following spells:

 Spells                   Type           Power        Failure   Level  Hunger
 Call Imp                 Summ           #.......     14%         2    ##.....
 Slow                     Hex            #.......     22%         2    ##.....
 Conjure Flame            Conj/Fire      #.......     28%         3    ###....


Dungeon Overview and Level Annotations

Branches:
Dungeon (2/15)

Altars:

Annotations:
D:2 Sigmund


Innate Abilities, Weirdness & Mutations

You cannot wear most types of armour.
You are very stealthy in the water. (Stealth+)
((You are amphibious.))
You can wear up to eight rings at the same time.
((You can use your tentacles to constrict eight enemies at once.))
((Your skin changes colour to match your surroundings (Stealth+).))
((Your rubbery body absorbs attacks. (AC +1, EV +1)))


Message History

* * * LOW HITPOINT WARNING * * *
You feel sick.
Sigmund says, "Don't worry, I'll kill you fast."
Sigmund hits you with a +6 scythe of venom.
* * * LOW HITPOINT WARNING * * *
The rat bites you but does no damage.
You closely miss Sigmund.
Sigmund is moderately wounded.
* * * LOW HITPOINT WARNING * * *
You feel sick. The rat bites you but does no damage.
Sigmund hits you with a +6 scythe of venom.
* * * LOW HITPOINT WARNING * * *
Okay, then.
Okay, then.
You closely miss Sigmund.
Sigmund is moderately wounded.
* * * LOW HITPOINT WARNING * * *
You feel sick.
The rat bites you but does no damage. x2
Sigmund hits you with a +6 scythe of venom.
You die...

... ......?
### .....#
....# #...#
#.$.#
#...#######
#..r.......
#..♣# #.@.#
#####


You could see Sigmund and a rat.

Vanquished Creatures
  A dart slug (D:1)
  A giant cockroach (D:1)
  4 goblins
  2 hobgoblins
  A jackal (D:1)
  7 kobolds (D:1)
  4 bats (D:1)
  2 frilled lizards (D:1)
  5 rats (D:1)
27 creatures vanquished.

Notes
Turn   | Place    | Note
-------+----------+-------------------------------------------
     0 | D:1      | Esekla the Octopode Wizard began the quest for the Orb.
     0 | D:1      | Reached XP level 1. HP: 11/11 MP: 4/4
   189 | D:1      | Reached XP level 2. HP: 10/17 MP: 6/6
   681 | D:1      | Reached XP level 3. HP: 14/21 MP: 7/7
   874 | D:1      | Learned a level 2 spell: Blink
   878 | D:1      | Learned a level 3 spell: Mephitic Cloud
   960 | D:2      | Noticed Sigmund
   984 | D:2      | HP: 1/31 [poisoned by Sigmund]
   984 | D:2      | Slain by Sigmund

Levels and vault maps discovered:
D:1:      dpeg_arrival_chambers_temple_mockup, layout_basic,
          kennysheep_crisscross
D:2:      layout_rooms, tgw_trog, first_ration, tso_altar, uniq_sigmund,
          uniq_crazy_yiuf_cottage

Skill      XL: |  1  2 |
---------------+-------+-----
Conjurations   | 2 |  2.1
Fighting       | |  0.3
Short Blades   | |  0.2
Dodging        | |  2.7
Stealth        | |  2.6
Spellcasting   | |  3.0
Summonings     | |  1.0
Translocations | |  1.0
Air Magic      | |  0.2

Action                   || total
-------------------------++-------
Melee: Unarmed           ||    13
       Constrict         ||    13
       Tentacles         ||    12
       Dagger            ||    28
       Short sword       ||    32
 Cast: Magic Dart        ||    25
  Use: Scroll            ||     5
       Potion            ||     3
 Stab: Sleeping          ||     6
Armor: Skin              ||    28
Dodge: Dodged            ||    40

Table legend:
 A = Non-vault XP
 B = Vault XP
 C = Vault XP percentage of total XP
 D = Non-vault monster count
 E = Vault monster count
 F = Vault count percentage of total count
                 A         B        C        D         E       F
            +---------+---------+-------+---------+---------+-------
      Total |      45 |       0 |   0.0 |      27 |       0 |   0.0
            +---------+---------+-------+---------+---------+-------
        D:1 |      37 |       0 |   0.0 |      23 |       0 |   0.0
        D:2 |       8 |       0 |   0.0 |       4 |       0 |   0.0
            +---------+---------+-------+---------+---------+-------
